 Dungeon Crawl Stone Soup version 0.30-a0-578-gdee14c521f (webtiles) character file.

Game seed: 11008398964786063284

248535 wormed the Unseen (level 18, -5/96 HPs)
             Began as a Spriggan Hunter on Dec 31, 2022.
             Was the Champion of Okawaru.
             Killed by the raging water
             ... invoked by a water nymph
              (18 damage)
             ... on level 4 of the Shoals.
             The game lasted 01:16:10 (39816 turns).

wormed the Unseen (Spriggan Hunter)                Turns: 39816, Time: 01:16:10

Health: -5/96      AC: 10    Str: 10    XL:     18   Next: 85%
Magic:  32/38      EV: 38    Int: 16    God:    Okawaru [******]
Gold:   1086       SH: 13    Dex: 29    Spells: 29/47 levels left

rFire   + . .      SeeInvis +    E - +8 hand crossbow (flame)
rCold   . . .      Faith    +    W - +3 buckler "Woilily" {SInv}
rNeg    + . .      Spirit   .    U - +2 robe {Will+}
rPois   .          Reflect  .    u - +5 hat of Resilience {rN+ rCorr Str+3 Dex+3}
rElec   .          Harm     .    s - +0 cloak "Fololl" {Will+ Int+2 Stlth+}
rCorr   +          Rampage  .    (gloves unavailable)
Will    +++++                    (boots unavailable)
Stlth   ++++++++++               l - amulet of Pileonan {Faith +Blink Fly Int+3}
HPRegen 0.36/turn                H - ring of Exhibitionism {*Slow rF+ Slay+5 SInv Stlth+}
MPRegen 0.26/turn                h - ring of willpower

@: flying, studying Armour, very quick
A: very small, no large weapons, unfitting armour, see invisible, speed 3
}: 2/15 runes: serpentine, barnacled
a: Renounce Religion, Evoke Blink, Heroism, Finesse, Duel


You were on level 4 of the Shoals.
You worshipped Okawaru.
Okawaru was exalted by your worship.
You visited 6 branches of the dungeon, and saw 31 of its levels.
You also visited: Ice Cave.

You collected 3243 gold pieces.
You spent 2157 gold pieces at shops.

Inventory:

Hand Weapons
 E - a +8 hand crossbow of flaming (weapon)
Missiles
 n - 14 throwing nets
Armour
 e - +2 ice dragon scales
 s - the +0 cloak "Fololl" (worn) {Will+ Int+2 Stlth+}
   (Okawaru gifted it to you on level 3 of the Snake Pit)

   Int:       It affects your intelligence (+2).
   Will:      It increases your willpower.
   Stlth:     It makes you more stealthy.
 u - the +5 hat of Resilience (worn) {rN+ rCorr Str+3 Dex+3}
   (Okawaru gifted it to you on level 1 of the Snake Pit)

   Str:       It affects your strength (+3).
   Dex:       It affects your dexterity (+3).
   rN:        It protects you from negative energy.
   rCorr:     It protects you from acid and corrosion.
 U - a +2 robe of willpower (worn)
 W - the +3 buckler "Woilily" (worn) {SInv}
   (Okawaru gifted it to you on level 13 of the Dungeon)

   SInv:      It lets you see invisible.
Jewellery
 f - a ring of positive energy
 h - a ring of willpower (right hand)
 l - the amulet of Pileonan (around neck) {Faith +Blink Fly Int+3}
   (You acquired it on level 4 of the Lair of Beasts)

   [amulet of faith]

   It allows you to gain divine favour quickly.
   Int:       It affects your intelligence (+3).
   Fly:       It grants you flight.
   +Blink:    It lets you blink.
 r - a ring of protection from cold
 H - the ring of Exhibitionism (left hand) {*Slow rF+ Slay+5 SInv Stlth+}
   (You bought it in a shop on level 2 of the Snake Pit)

   [ring of protection from fire]

   Slay:      It affects your accuracy & damage with ranged weapons and melee
   (+5).
   rF:        It protects you from fire.
   SInv:      It lets you see invisible.
   *Slow:     It may slow you when you take damage.
   Stlth:     It makes you more stealthy.
Wands
 b - a wand of paralysis (28)
 w - a wand of mindburst (30)
 y - a wand of iceblast (27)
 G - a wand of flame (38)
 L - a wand of digging (8)
 S - a wand of light (12)
Scrolls
 a - 3 scrolls of enchant armour
 d - 6 scrolls of fear
 m - 10 scrolls of teleportation
 q - a scroll of silence
 v - 3 scrolls of amnesia
 x - 7 scrolls of magic mapping
 J - a scroll of enchant weapon
 K - a scroll of fog
 M - 2 scrolls of identify
 N - 2 scrolls of blinking
 O - 3 scrolls of immolation
 R - 2 scrolls of vulnerability
Potions
 c - a potion of brilliance
 g - 6 potions of berserk rage
 i - 6 potions of curing
 j - 4 potions of flight
 k - 6 potions of mutation
 o - 7 potions of lignification
 p - a potion of degeneration
 t - 7 potions of haste
 z - 3 potions of invisibility
 A - 3 potions of cancellation
 C - 3 potions of might {unknown}
 D - 5 potions of resistance
 F - a potion of attraction
 I - a potion of ambrosia
Miscellaneous
 B - a condenser vane
 X - a lightning rod (4/4)


   Skills:
 - Level 11.1 Fighting
 - Level 18.0 Ranged Weapons
 - Level 16.8 Dodging
 - Level 19.5 Stealth
 - Level 7.0 Shields
 + Level 15.2 Spellcasting
 + Level 13.0 Translocations
 - Level 12.0 Invocations
 - Level 12.0 Evocations


You had 29 spell levels left.
You knew the following spells:

 Your Spells              Type           Power      Damage    Failure   Level
a - Dispersal             Tloc           26%        N/A       7%          6
b - Passage of Golubria   Tloc           52%        N/A       1%          4
c - Disjunction           Tloc           26%        N/A       96%         8

Your spell library contained the following spells:

 Spells                   Type           Power      Damage    Failure   Level
 Portal Projectile        Hex/Tloc       66%        N/A       1%          3
 Manifold Assault         Tloc           52%        N/A       1%          4
 Kiss of Death            Conj/Necr      48%        2d9       10%         1
 Sandblast                Erth           24%        2d8       10%         1
 Shock                    Conj/Air       48%        1d6       10%         1
 Slow                     Hex            48%        N/A       10%         1
 Cigotuvi's Dreadful Rot  Necr/Pois/Air  24%        N/A       14%         2
 Passwall                 Tmut/Erth      10%        N/A       14%         2
 Poisonous Vapours        Pois/Air       24%        N/A       14%         2
 Confusing Touch          Hex            12%        N/A       28%         3
 Dazzling Flash           Conj/Hex       24%        N/A       28%         3
 Ignite Poison            Fire/Tmut/Pois 12%        N/A       28%         3
 Mephitic Cloud           Conj/Pois/Air  12%        N/A       28%         3
 Ozocubu's Armour         Ice            12%        N/A       28%         3
 Stone Arrow              Conj/Erth      24%        3d8       28%         3
 Swiftness                Air            12%        N/A       28%         3
 Vampiric Draining        Necr           12%        2d6       28%         3
 Airstrike                Air            6%         2d(1-17)  67%         4
 Dispel Undead            Necr           12%        3d9       67%         4
 Leda's Liquefaction      Hex/Erth       6%         N/A       67%         4
 Petrify                  Tmut/Erth      12%        N/A       67%         4
 Sticky Flame             Conj/Fire      12%        2d4       67%         4
 Agony                    Necr           12%        N/A       95%         5
 Alistair's Intoxication  Tmut/Pois      8%         N/A       95%         5
 Blade Hands              Tmut           6%         N/A       95%         5
 Borgnjor's Vile Clutch   Necr/Erth      6%         N/A       95%         5
 Freezing Cloud           Conj/Ice/Air   6%         6-21      95%         5
 Iskenderun's Battlesphe  Conj           12%        2d7       95%         5
 Metabolic Englaciation   Hex/Ice        6%         N/A       95%         5
 Silence                  Hex/Air        6%         N/A       95%         5
 Yara's Violent Unravell  Hex/Tmut       6%         3d5       95%         5
 Eringya's Noxious Bog    Tmut/Pois      6%         N/A       100%        6
 Iron Shot                Conj/Erth      6%         9d2       100%        6
 Statue Form              Tmut/Erth      8%         N/A       100%        6
 Enfeeble                 Hex            6%         N/A       100%        7
 Orb of Destruction       Conj           6%         9d6       100%        7
 Storm Form               Tmut/Air       6%         N/A       100%        7
 Ignition                 Fire           6%         3d4       100%        8
 Lehudib's Crystal Spear  Conj/Erth      6%         10d3      100%        8
 Maxwell's Capacitive Co  Air            6%         ∞         100%        8
 Polar Vortex             Ice            6%         N/A       100%        9
 Call Canine Familiar     Summ           Unusable   N/A       N/A         3
 Summon Guardian Golem    Hex/Summ       Unusable   N/A       N/A         3
 Tukima's Dance           Hex            Unusable   N/A       N/A         3
 Summon Lightning Spire   Summ/Air       Unusable   N/A       N/A         4
 Death Channel            Necr           Unusable   N/A       N/A         6
 Simulacrum               Ice/Necr       Unusable   N/A       N/A         6
 Spellforged Servitor     Conj/Summ      Unusable   N/A       N/A         7

Dungeon Overview and Level Annotations

Branches:
Dungeon (15/15)            Temple (1/1) D:7            Lair (5/5) D:9
 Shoals (4/4) Lair:2        Snake (4/4) Lair:3        Slime (0/5) Lair:5
    Orc (2/2) D:11            Elf (0/3) Orc:2        Vaults (0/5) D:13
 Depths (0/4) D:15          IceCv (visited)

Altars:
Ashenzari
Cheibriados
Dithmenos
Elyvilon
Fedhas
Gozag
Hepliaklqana
Kikubaaqudgha
Makhleb
Nemelex Xobeh
Okawaru
Qazlal
Ru
Sif Muna
Trog
Uskayaw
Vehumet
Wu Jian
Xom
Yredelemnul
Zin
The Shining One
Jiyva

Shops:
D:2 (   Orc:2 *([(   Shoals:1 !:*:   Snake:1 (   Snake:2 =:=   Snake:3 *
Snake:4 (

Portals:
Abyss: D:9


Innate Abilities, Weirdness & Mutations

You are very small and have problems with some larger weapons.
You are too small for most types of armour.
You have supernaturally acute eyesight. (SInv)
You cover ground extremely quickly. (Speed+++)


Message History

Okawaru accepts your kill.
You hear a splash. x2
Something's watery aura covers the open door.
You have finished your manual of Spellcasting and toss it away.
Your Translocations skill increases to level 13!
You shoot a bolt. The bolt hits the merfolk!!
The bolt burns the merfolk!
The merfolk is heavily wounded.
A merfolk comes into view. It is wielding a +2 trident of venom.
A water nymph comes into view.
You shoot a bolt. The bolt hits the merfolk!!!
The bolt burns the merfolk.
You kill the merfolk!
Okawaru accepts your kill.
You hear a splash. x3
A snapping turtle comes into view.
You shoot a bolt. The bolt hits the merfolk!
The bolt burns the merfolk.
The merfolk is moderately wounded.
You shoot a bolt. The bolt closely misses the merfolk.
The merfolk completely misses you.
You shoot a bolt. The bolt hits the merfolk!
The bolt burns the merfolk.
The merfolk is severely wounded.
The water nymph gestures at you while chanting.
The water rises up and strikes you!! You block the merfolk's attack.
You shoot a bolt. The bolt hits the merfolk.
The bolt burns the merfolk.
The merfolk is severely wounded.
The water nymph gestures at you while chanting.
The water rises up and strikes you!! The merfolk closely misses you.
The water nymph casts a spell at you. The water rises up and strikes you!!
* * * LOW HITPOINT WARNING * * *
You are too injured to fight recklessly!
You are too injured to fight recklessly!
You are too injured to fight recklessly!
Cast which spell? (? or * to list)
Casting: Dispersal (dangerous; 7% risk of failure)
Press: ? - help, Dir - look around, f - activate The merfolk disappears!
The snapping turtle disappears!
A harpy comes into view.
The water nymph casts a spell at you. The water rises up and strikes you!!
You die...

## #.m~≈≈≈≈≈
.###.P~≈≈≈≈≈≈≈≈≈≈≈≈≈≈≈≈≈
P...P~~≈≈≈≈≈≈≈≈≈≈≈≈≈≈≈≈≈
.....P~~≈≈≈≈≈≈≈≈≈≈≈≈≈≈≈≈
.###..~~≈≈≈≈≈≈≈≈≈≈≈≈≈≈≈≈
## #..~~≈≈≈≈≈≈≈≈≈≈≈≈≈≈≈≈
##..~~≈≈≈≈ ≈≈≈≈≈≈≈≈≈≈≈
##..~~~≈≈#####≈≈≈≈≈≈≈≈≈
##...~~~~##~~~##@≈§≈≈≈≈≈
#.....~.~#~~~~~#≈≈≈≈≈≈≈≈
..~.)....#~~|~~#~~§~m~~#
..)..)...#~~~~~#~~~)~~~#
......)..##~~~##~~~~~~~~
.?.###)...##'##~~.....~#
...# #)....~...........#
..## #.................~
<#####.....)............


You could see a water nymph.

Vanquished Creatures
  Vashnia (Snake:3)
  Jorgrun (D:12)
  Mlioglotl (Snake:4)
  Gastronok (Lair:1)
  A kraken (Shoals:3)
  A rockslime (IceCv)
  3 azure jellies (IceCv)
  3 nagarajas
  A stone giant (Orc:1)
  An orc warlord (Orc:1)
  4 quicksilver oozes (IceCv)
  A dire elephant (Lair:5)
  4 merfolk javelineers (Shoals:4)
  6 merfolk impalers
  3 vault guards (D:13)
  Harold (Orc:1)
  A fire dragon (D:13)
  Erolcha (D:13)
  4 catoblepae
  5 salamander tyrants
  2 ogre magi
  3 hydras
  3 rakshasas
  8 merfolk avatars
  The ghost of Zuagil the Destroyer, a journeyman DrCj of Sif Muna (Lair:1)
  9 centaur warriors
  8 two-headed ogres
  An alligator snapping turtle (Shoals:2)
  13 anacondas
  7 boulder beetles
  4 merfolk aquamancers
  A death knight (D:13)
  4 satyrs
  6 death yaks (Lair:3)
  16 naga warriors
  A deep troll shaman (Lair:5)
  3 tengu warriors
  8 shock serpents
  Urug (Lair:2)
  A thrashing horror (D:9)
  The ghost of swinepaste the Martial Artist, a novice DgTm (D:9)
  Nergalle (Lair:3)
  12 naga sharpshooters
  4 skeletal warriors
  5 salamander mystics
  12 sea snakes
  3 naga ritualists
  2 orange crystal statues (IceCv)
  6 lindwurms (Snake:4)
  4 orc knights
  7 mana vipers
  A lindwurm (shapeshifter) (D:15)
  9 harpies
  16 fauns
  Pikel (D:9)
  4 deep elf pyromancers
  5 cyclopes
  11 ugly things
  12 orc sorcerers
  15 manticores
  19 salamanders
  Maurice (Orc:1)
  10 merfolk sirens
  20 naga magi
  An ice statue (Shoals:1)
  A toenail golem (D:9)
  13 elephants
  34 black mambas
  3 water nymphs
  6 torpor snails
  4 gargoyles
  10 guardian serpents
  Maggie (D:8)
  13 cane toads
  2 yaktaurs (D:13)
  An unseen horror (D:9)
  2 rime drakes
  A tengu conjurer (D:15)
  8 komodo dragons
  2 kobold demonologists
  An efreet (D:15)
  A silent spectre (Orc:1)
  7 trolls
  32 merfolk
  Grinder (D:3)
  3 wind drakes
  2 polar bears
  10 snapping turtles
  17 blink frogs
  8 dream sheep
  4 water elementals
  2 shadows
  24 slime creatures
  A wraith (D:11)
  72 yaks
  4 basilisks
  2 wyverns
  20 humans (D:13)
  4 steam dragons
  Grum (D:9)
  A basilisk (shapeshifter) (D:15)
  8 vampire mosquitoes
  7 wargs
  2 acid dragons
  39 nagas
  12 water moccasins
  3 black bears
  22 orc warriors
  2 sky beasts
  5 boggarts (D:15)
  24 wolves
  7 great orb of eyes simulacra (IceCv)
  10 ogres
  26 centaurs
  5 slime creature simulacra (IceCv)
  2 lemures (D:9)
  11 kobold brigands
  A necrophage (D:6)
  12 bullfrogs
  4 gnoll sergeants
  5 glowing shapeshifter simulacra (IceCv)
  A scorpion (D:7)
  2 small abominations (D:9)
  10 wights
  6 killer bees
  5 electric eels
  10 howler monkeys
  3 hounds
  2 jellies (D:2)
  11 orc priests
  2 gnoll boudas
  2 iguanas
  Terence (D:2)
  39 orc wizards
  13 gnolls
  5 adders
  A white imp (D:5)
  An ufetubus (D:6)
  4 worms
  5 dart slugs
  82 orcs
  9 ball pythons
  A bat (D:2)
  18 endoplasms
  A giant cockroach (D:1)
  9 goblins
  4 hobgoblins
  4 jackals (D:1)
  4 quokkas
  2 frilled lizards
  21 kobolds
  5 rats
  2 tentacles (Shoals:3)
1136 creatures vanquished.

Vanquished Creatures (others)
  An orc wizard (D:6)
  A kobold (D:7)
  19 fungi
  66 plants
  3 tentacles (Shoals:3)
  10 toadstools (D:2)
100 creatures vanquished.

Grand Total: 1236 creatures vanquished

Notes
Turn   | Place    | Note
-------+----------+-------------------------------------------
     0 | D:1      | wormed the Spriggan Hunter began the quest for the Orb.
     0 | D:1      | Reached XP level 1. HP: 10/10 MP: 2/2
    91 | D:1      | Reached skill level 2 in Stealth
   139 | D:1      | Reached XP level 2. HP: 11/15 MP: 3/3
   396 | D:1      | Reached XP level 3. HP: 18/18 MP: 4/4
   818 | D:2      | Found Ewyewuc's Weapon Emporium.
   987 | D:2      | Noticed Terence
  1028 | D:2      | Killed Terence
  1029 | D:2      | Reached skill level 3 in Stealth
  1029 | D:2      | Reached XP level 4. HP: 23/23 MP: 5/5
  1048 | D:2      | Found a faded altar of an unknown god.
  1291 | D:2      | Reached skill level 5 in Ranged Weapons
  1292 | D:2      | Reached XP level 5. HP: 27/27 MP: 6/6
  1496 | D:3      | Reached skill level 4 in Stealth
  1793 | D:3      | Noticed Grinder
  1821 | D:3      | Killed Grinder
  1822 | D:3      | Reached skill level 5 in Stealth
  1822 | D:3      | Reached XP level 6. HP: 29/32 MP: 7/7
  1996 | D:3      | Reached skill level 5 in Dodging
  2122 | D:3      | Reached XP level 7. HP: 30/36 MP: 8/8
  2457 | D:4      | Found a bloodstained altar of Trog.
  2457 | D:4      | Found a sparkling altar of Nemelex Xobeh.
  2627 | D:4      | Found a shimmering altar of Xom.
  2628 | D:4      | Found a shimmering altar of Xom.
  2629 | D:4      | Found a shimmering altar of Xom.
  2631 | D:4      | Found a shimmering altar of Xom.
  2867 | D:4      | Reached skill level 6 in Stealth
  3380 | D:5      | Entered Level 5 of the Dungeon
  4350 | D:6      | Reached XP level 8. HP: 42/42 MP: 9/9
  4374 | D:6      | Found a transporter.
  4417 | D:6      | Found a transporter.
  4769 | D:6      | Reached skill level 7 in Stealth
  5562 | D:7      | Reached skill level 8 in Stealth
  5618 | D:7      | Found a staircase to the Ecumenical Temple.
  5676 | Temple   | Entered the Ecumenical Temple
  5768 | D:7      | Reached XP level 9. HP: 13/46 MP: 10/10
  6672 | D:8      | Reached skill level 9 in Stealth
  6762 | D:7      | Reached skill level 5 in Fighting
  7047 | D:8      | Found an iron altar of Okawaru.
  7166 | D:8      | Found an ancient bone altar of Kikubaaqudgha.
  7168 | D:8      | Noticed Maggie
  7249 | D:8      | Became a worshipper of Warmaster Okawaru
  7498 | D:7      | Reached skill level 10 in Stealth
  7624 | D:7      | Reached skill level 10 in Ranged Weapons
  7644 | D:7      | Reached XP level 10. HP: 39/51 MP: 11/11
  7732 | D:8      | Reached * piety under Okawaru
  8020 | D:8      | Killed Maggie
  8166 | D:8      | Reached ** piety under Okawaru
  8448 | D:9      | Found a transporter.
  8464 | D:9      | Noticed a thrashing horror
  8494 | D:9      | Found a hazy altar of Hepliaklqana.
  8538 | D:9      | Noticed a rakshasa
  8542 | D:9      | Found a transporter.
  8546 | D:9      | Found a one-way gate to the infinite horrors of the Abyss.
  8546 | D:9      | Noticed swinepaste's ghost (novice DgTm)
  8547 | D:9      | Noticed a toenail golem
  8598 | D:9      | Found a staircase to the Lair.
  8602 | D:9      | Noticed Pikel
  8689 | D:9      | Killed Pikel
  8690 | D:9      | Reached skill level 11 in Stealth
  8977 | D:9      | Noticed Grum
  9041 | D:9      | Killed Grum
  9172 | D:9      | Noticed a two-headed ogre
  9210 | D:9      | Killed a two-headed ogre
  9210 | D:9      | Reached *** piety under Okawaru
  9211 | D:9      | Reached skill level 10 in Dodging
  9364 | D:10     | Entered Level 10 of the Dungeon
  9399 | D:10     | Noticed a rust devil
  9530 | D:10     | Reached XP level 11. HP: 58/58 MP: 12/12
  9533 | D:10     | Reached skill level 12 in Stealth
  9598 | D:9      | Reached **** piety under Okawaru
 10287 | D:10     | Found a radiant altar of Vehumet.
 11041 | D:11     | Noticed a white ugly thing
 11041 | D:11     | Noticed a white ugly thing
 11087 | D:11     | Killed a white ugly thing
 11087 | D:11     | Reached ***** piety under Okawaru
 11171 | D:11     | Killed a white ugly thing
 11270 | D:11     | Reached skill level 13 in Stealth
 11346 | D:11     | Noticed a cyan ugly thing
 11409 | D:11     | Killed a cyan ugly thing
 11466 | D:11     | Received a gift from Okawaru
 11983 | D:11     | Found a staircase to the Orcish Mines.
 12324 | Lair:1   | Entered Level 1 of the Lair of Beasts
 12430 | Lair:1   | Reached XP level 12. HP: 57/63 MP: 13/13
 12442 | Lair:1   | Received a gift from Okawaru
 12656 | Lair:1   | Found a snail-covered altar of Cheibriados.
 12697 | Lair:1   | Reached skill level 14 in Stealth
 12728 | Lair:1   | Found a runed translucent door.
 12730 | Lair:1   | Noticed Zuagil's ghost (journeyman DrCj)
 12955 | Lair:1   | Noticed Gastronok
 12979 | Lair:1   | Killed Gastronok
 13593 | D:9      | Identified the +9 quarterstaff of the Vestibule of Hell
                  | {heavy, rElec} (Okawaru gifted it to you on level 9 of the
                  | Dungeon)
 13593 | D:9      | Received a gift from Okawaru
 14359 | Lair:1   | Killed Zuagil's ghost
 14724 | Lair:1   | Reached skill level 15 in Stealth
 14814 | Lair:2   | Noticed Urug
 14881 | Lair:2   | Killed Urug
 14965 | Lair:2   | Found a staircase to the Shoals.
 15568 | Lair:3   | Reached ****** piety under Okawaru
 15569 | Lair:3   | Reached XP level 13. HP: 69/69 MP: 14/14
 15680 | Lair:3   | Noticed Nergalle
 15687 | Lair:3   | Killed Nergalle
 15824 | Lair:3   | Received a gift from Okawaru
 16437 | Lair:3   | Reached skill level 15 in Ranged Weapons
 16506 | Lair:3   | Found a staircase to the Snake Pit.
 16815 | Lair:4   | Reached skill level 16 in Stealth
 17702 | Lair:4   | Identified a scroll of acquirement
 17715 | Lair:4   | Acquired the amulet of Pileonan {Faith +Blink Fly Int+3}
 17759 | Lair:5   | Entered Level 5 of the Lair of Beasts
 17969 | Lair:5   | Received a gift from Okawaru
 18414 | Lair:5   | Reached XP level 14. HP: 75/75 MP: 15/15
 18431 | Lair:5   | Received a gift from Okawaru
 18504 | Lair:5   | Reached skill level 17 in Stealth
 19289 | Lair:5   | Found a viscous altar of Jiyva.
 19289 | Lair:5   | Found a staircase to the Slime Pits.
 19464 | Lair:5   | Identified the +0 arbalest of the Ninety-Nine Tales
                  | {freeze, Will+} (Okawaru gifted it to you on level 5 of the
                  | Lair of Beasts)
 19464 | Lair:5   | Received a gift from Okawaru
 19718 | D:9      | Identified the +9 quarterstaff of Mery Con {flame, rElec
                  | rC++ Will+ Int-4}
 19741 | D:9      | Killed swinepaste's ghost
 19748 | D:9      | Reached skill level 15 in Dodging
 20221 | D:12     | Reached skill level 10 in Fighting
 20344 | D:12     | Noticed Jorgrun
 20369 | D:12     | Killed Jorgrun
 20694 | D:13     | Found a shadowy altar of Dithmenos.
 20811 | D:13     | Noticed Erolcha
 20814 | D:13     | Killed Erolcha
 20974 | D:13     | Identified the +1 robe of Darkness {Int+4 Dex+3} (Okawaru
                  | gifted it to you on level 13 of the Dungeon)
 20974 | D:13     | Received a gift from Okawaru
 21216 | D:13     | Reached skill level 18 in Stealth
 21293 | D:13     | Found a gate to the Vaults.
 21521 | D:13     | You are sucked into a shaft and drop 2 floors!
 21521 | D:15     | Entered Level 15 of the Dungeon
 22218 | D:14     | Reached XP level 15. HP: 77/81 MP: 16/16
 22418 | D:13     | Identified the +3 buckler "Woilily" {SInv} (Okawaru gifted
                  | it to you on level 13 of the Dungeon)
 22418 | D:13     | Received a gift from Okawaru
 23854 | D:14     | Reached skill level 19 in Stealth
 25296 | D:15     | Received a gift from Okawaru
 25655 | D:15     | Found a staircase to the Depths.
 25891 | D:15     | Reached skill level 1 in Invocations
 25891 | D:15     | Reached skill level 1 in Evocations
 26338 | Orc:1    | Entered Level 1 of the Orcish Mines
 26396 | Orc:1    | Noticed Maurice
 26400 | Orc:1    | Killed Maurice
 26478 | Orc:1    | Found a shimmering blue altar of Sif Muna.
 26860 | Orc:1    | Got Sif Muna's Omnibus of Black Mysteries
 26886 | Orc:2    | Entered Level 2 of the Orcish Mines
 26913 | Orc:2    | Found a staircase to the Elven Halls.
 27301 | Orc:2    | Reached skill level 5 in Invocations
 27330 | Orc:2    | Found Ivviv's Weapon Shoppe.
 27330 | Orc:2    | Found Epraepif's General Store.
 27653 | Orc:2    | Found a radiant altar of Vehumet.
 27736 | Orc:2    | Reached skill level 5 in Evocations
 27793 | Orc:2    | Found Xaumn's Weapon Shoppe.
 27793 | Orc:2    | Found Qessi's Antique Armour Shop.
 28088 | Orc:1    | Found a transporter.
 28088 | Orc:1    | Noticed Harold
 28092 | Orc:1    | Killed Harold
 28092 | Orc:1    | Received a gift from Okawaru
 28093 | Orc:1    | Reached XP level 16. HP: 87/87 MP: 21/21
 28161 | Orc:1    | Found a transporter.
 28161 | Orc:1    | Found a runed translucent door.
 28161 | Orc:1    | Found a bloodstained altar of Trog.
 28161 | Orc:1    | Found the +8 Wrath of Trog {antimagic, *Rage Rampage}
 28194 | Orc:1    | Received a gift from Okawaru
 28261 | Orc:1    | Identified the +0 plate armour "Daugeni" {rPois rF+ Dex-4}
 28663 | Snake:1  | Entered Level 1 of the Snake Pit
 28994 | Snake:1  | Identified the +5 hat of Resilience {rN+ rCorr Str+3 Dex+3}
                  | (Okawaru gifted it to you on level 1 of the Snake Pit)
 28994 | Snake:1  | Received a gift from Okawaru
 29357 | Snake:1  | Found Paqoelu's Antique Weapon Shop.
 30160 | Snake:2  | Found Cinkeis's Jewellery Emporium.
 30160 | Snake:2  | Found Irekime's Book Boutique.
 30161 | Snake:2  | Found Zuetheb's Jewellery Emporium.
 30169 | Snake:2  | Bought a book of the Warp for 882 gold pieces
 30297 | Snake:2  | Bought the ring of Exhibitionism {*Slow rF+ Slay+5 SInv
                  | Stlth+} for 924 gold pieces
 30409 | Snake:2  | Reached skill level 10 in Invocations
 30551 | Snake:2  | Identified the +6 quarterstaff "Guammac" {freeze, rElec rC+
                  | rCorr SInv}
 31243 | Snake:3  | Identified the +0 cloak "Fololl" {Will+ Int+2 Stlth+}
                  | (Okawaru gifted it to you on level 3 of the Snake Pit)
 31243 | Snake:3  | Received a gift from Okawaru
 31666 | Snake:3  | Noticed Vashnia
 32030 | Snake:3  | Killed Vashnia
 32031 | Snake:3  | Reached skill level 10 in Evocations
 32122 | Snake:3  | Found Joxt's General Store.
 32431 | Snake:3  | Reached XP level 17. HP: 91/91 MP: 26/26
 32658 | Snake:3  | Learned a level 6 spell: Dispersal
 32669 | Snake:4  | Entered Level 4 of the Snake Pit
 33054 | Snake:4  | Noticed Mlioglotl
 33293 | Snake:4  | Found an opulent altar of Gozag.
 33314 | Snake:4  | Received a gift from Okawaru
 33341 | Snake:4  | Reached skill level 1 in Shields
 33406 | Snake:4  | Found Lineh's Antique Weapon Boutique.
 33451 | Snake:4  | Identified the +7 hand axe "Rageusyd" {drain, *Rage rElec
                  | rCorr Dex+4} (Okawaru gifted it to you on level 4 of the
                  | Snake Pit)
 33451 | Snake:4  | Received a gift from Okawaru
 33837 | Snake:4  | Noticed a bone dragon
 33977 | Snake:4  | Killed Mlioglotl
 34166 | Snake:4  | Reached skill level 5 in Shields
 34186 | Snake:4  | Received a gift from Okawaru
 34361 | Snake:4  | Identified the +0 robe of Naett {Archmagi} (Okawaru gifted
                  | it to you on level 4 of the Snake Pit)
 34361 | Snake:4  | Received a gift from Okawaru
 35108 | Snake:4  | Got a serpentine rune of Zot
 35368 | Shoals:1 | Entered Level 1 of the Shoals
 35394 | Shoals:1 | Found Rytucs's Assorted Antiques.
 35400 | Shoals:1 | Bought a glimmering arbalest for 351 gold pieces
 35400 | Shoals:1 | Identified the +6 arbalest "Lutas" {freeze, Fragile Will++
                  | Int+3} (You bought it in a shop on level 1 of the Shoals)
 35420 | Shoals:1 | Found Ufid's Distillery.
 35434 | Shoals:1 | Reached skill level 1 in Spellcasting
 35449 | Shoals:1 | Found Zadiac's Self-Improvement Boutique.
 35462 | Shoals:1 | Found Sirung's Distillery.
 35508 | Shoals:1 | Reached skill level 1 in Translocations
 35611 | Shoals:1 | Found Rytefiw's Book Shoppe.
 35910 | Shoals:1 | Found a frozen archway.
 35921 | IceCv    | Entered an ice cave
 36134 | IceCv    | Learned a level 4 spell: Passage of Golubria
 36143 | IceCv    | Learned a level 8 spell: Disjunction
 36223 | IceCv    | Reached skill level 5 in Spellcasting
 36245 | IceCv    | Identified the -1 hat of Orthodoxy {Rampage} (Okawaru
                  | gifted it to you in an ice cave)
 36245 | IceCv    | Received a gift from Okawaru
 36251 | IceCv    | Found a viscous altar of Jiyva.
 36269 | IceCv    | Reached skill level 5 in Translocations
 36668 | IceCv    | Reached XP level 18. HP: 96/96 MP: 18/29
 37021 | Shoals:2 | You are sucked into a shaft and drop 1 floor!
 37680 | Shoals:3 | Reached skill level 10 in Spellcasting
 38318 | Shoals:3 | Identified the +1 robe of the King {+Inv rPois rC+}
                  | (Okawaru gifted it to you on level 3 of the Shoals)
 38318 | Shoals:3 | Received a gift from Okawaru
 38451 | Shoals:4 | Entered Level 4 of the Shoals
 38518 | Shoals:4 | Reached skill level 10 in Translocations
 38750 | Shoals:4 | Found the +5 glaive of the Guard {elec, spectral, AC+5}
 39144 | Shoals:4 | Got a barnacled rune of Zot
 39482 | Shoals:4 | Identified the +4 robe of the Elven Halls {-Tele rElec
                  | rPois Int+8} (Okawaru gifted it to you on level 4 of the
                  | Shoals)
 39482 | Shoals:4 | Received a gift from Okawaru
 39694 | Shoals:4 | Reached skill level 15 in Spellcasting
 39816 | Shoals:4 | Killed from afar by a water nymph

Illustrated notes

Levels and vault maps discovered:
D:1:      roderic_crop_circles_arrival_small, layout_basic
D:2:      cheibrodos_fertilizer, layout_rooms, nicolae_ecumenical_lake_church,
          serial_shops, shop, uniq_terence
D:3:      layout_basic, kennysheep_generic_room_7, uniq_grinder
D:4:      layout_basic, nicolae_overflow_two_pavilions, xom_redecorated,
          nrook_campfire, chequers_hall_statues_corner_a
D:5:      layout_basic
D:6:      gammafunk_steamed_eel, layout_cave_pools, kennysheep_minor_cross,
          kennysheep_generic_room_11
D:7:      layout_loops_cross, minmay_temple_entry_drinking_statues
D:8:      layout_gridville, kennysheep_okawaru_gauntlet,
          mainiacjoe_overflow_brackets, minmay_diced_spiral, uniq_maggie
D:9:      layout_long_grid, overflow_temple_1_default, dpeg_oklobed_lair,
          gammafunk_ghost_abyssal_escape, uniq_grum, uniq_pikel
D:10:     layout_gridville, nicolae_vehumet_radiance, dreamdust_gnoll_shepherd
D:11:     layout_irregular_city, kennysheep_orc_monster_closet_entryway,
          kennysheep_donut
D:12:     layout_cave_pods, uniq_jorgrun
D:13:     minmay_the_grid_four_pointed_star
          [minmay_the_grid_triangle_9x9_zippers_horizontal,
          minmay_the_grid_triangle_9x9_intruding_spiral,
          minmay_the_grid_triangle_9x9_skeleton,
          minmay_the_grid_triangle_9x9_minimal,
          minmay_the_grid_prize_trominoes], layout_basic,
          grunt_vaults_entry_tiered, nicolae_dithmenos_the_darkroom,
          uniq_erolcha
D:14:     layout_stronghold
D:15:     hangedman_depths_entry_try_elsewhere_first, layout_rooms,
          chequers_decorated_corner, minmay_orc_keep
Temple:   nicolae_temple_no_exploring_needed
Lair:1:   layout_hall_layers, hellmonk_ghost_happy_afterlife,
          serial_bayou_pond_d, kennysheep_snail_temple,
          infiniplex_staircase_pool, serial_bayou_shore_b, grunt_megastairs_4,
          uniq_gastronok
Lair:2:   layout_loops_ring, shoals_dummy_entry, beast_lair_carwin_2, uniq_urug
Lair:3:   layout_concentric_octagons, dummy_snake_entry, lemuel_fruit_tree,
          uniq_nergalle
Lair:4:   layout_regular_city, infiniplex_staircase_pool_2,
          serial_bayou_shore_b, serial_bayou_shore_b, serial_bayou_shore_a,
          lemuel_fruit_fields
Lair:5:   grunt_lair_end_beastmaster, layout_regular_city,
          dpeg_slime_entry_enclosed, st_stairs_9
Shoals:1: layout_shoals, serial_shops, nicolae_shop_stone, nicolae_diamond_shop,
          nicolae_shop_stone, nicolae_square_shop,
          portal_ice_cave_entry_ice_statue_one, nicolae_shop_self_help
Shoals:2: layout_shoals, uniq_louise
Shoals:3: layout_shoals
Shoals:4: shoals_end_simple, layout_shoals
Snake:1:  layout_rooms, serial_shops, shop, grunt_megastairs_1
Snake:2:  layout_chambers, minmay_shop_grove, grunt_megastairs_3
Snake:3:  layout_rooms, serial_shops, shop, nicolae_coiled_stairwell_up,
          uniq_vashnia
Snake:4:  snake_pit_salamanders_mu, layout_cave_town, basic_altar, serial_shops,
          shop_fountains, grunt_ministairs_13, nicolae_snake_single_loop,
          st_stairs_13, uniq_mlioglotl
Orc:1:    emtedronai_trogs_sanctum, layout_diamond_mine, abandoned_shop,
          led_sif_book, uniq_maurice, uniq_harold
Orc:2:    st_orc_town, layout_caves, basic_altar, mines5_lemuel

Skill      XL: |  1  2  3  4  5  6  7  8  9 10 11 12 13 14 15 16 17 18 |
---------------+-------------------------------------------------------+-----
Stealth        | 2 3 5 6 8 10 11 13 15 16 18 19 | 19.5
Dodging        | 3 4 5 6 7 8 10 11 13 14 15 16 | 16.8
Fighting       | 2 3 4 5 6 7 8 9 10 11 | 11.1
Ranged Weapons | 5 6 7 8 10 11 13 14 16 17 18 | 18.0
Invocations    | 5 11 12 | 12.0
Evocations     | 5 10 12 | 12.0
Shields        | 7 |  7.0
Spellcasting   | 7 15 | 15.2
Translocations | 5 13 | 13.0

Action                   |  1- 3 |  4- 6 |  7- 9 | 10-12 | 13-15 | 16-18 || total
-------------------------+-------+-------+-------+-------+-------+-------++-------
 Fire: Shortbow          |   112 |   133 |   389 |   301 |       |       ||   935
       Sling             |       |       |   151 |   491 |       |       ||   642
       Arbalest          |       |       |       |   241 |   926 |       ||  1167
       Hand crossbow     |       |       |       |       |   460 |  1437 ||  1897
 Cast: Dispersal         |       |       |       |       |       |     1 ||     1
Invok: Heroism           |       |       |       |       |       |     2 ||     2
       Finesse           |       |       |       |       |       |     2 ||     2
 Abil: Evoke Blink       |       |       |       |       |       |     2 ||     2
  Use: Scroll            |       |       |     6 |     8 |    19 |     6 ||    39
       Potion            |       |       |       |     1 |     3 |     5 ||     9
Armor: Robe              |     3 |       |     6 |       |     7 |    21 ||    37
       Steam dragon scal |       |       |     2 |    23 |    16 |       ||    41
Dodge: Dodged            |    36 |    18 |   140 |   507 |   805 |   743 ||  2249
       Repelled          |       |       |       |       |     9 |     8 ||    17
Block: Other             |    15 |     9 |    39 |   117 |    19 |       ||   199
       Reflection        |     1 |       |     5 |    18 |       |       ||    24
       Buckler           |       |       |       |       |       |   147 ||   147

Table legend: (Time is in decaauts)
 A = Elapsed time spent in this place.
 B = Non-inter-level travel time spent in this place.
 C = Inter-level travel time spent in this place.
 D = Time resting spent in this place.
 E = Time spent auto-exploring this place.
 F = Levels seen in this place.
 G = Mean time per level.
                   A        B        C        D        E       F      G
               +--------+--------+--------+--------+--------+-----+--------+
         Total |  29948 |  28393 |   1555 |   1472 |  18645 |  32 |  935.9 |
       Dungeon |  14633 |  13781 |    852 |    437 |   9045 |  15 |  975.5 |
        Temple |      1 |      1 |      0 |      0 |      0 |   1 |    1.0 |
          Lair |   4906 |   4636 |    270 |     96 |   3234 |   5 |  981.2 |
        Shoals |   2778 |   2728 |     50 |     37 |   1970 |   4 |  694.5 |
     Snake Pit |   5386 |   5147 |    239 |    902 |   3203 |   4 | 1346.5 |
  Orcish Mines |   1575 |   1432 |    143 |      0 |    883 |   2 |  787.5 |
      Ice Cave |    666 |    666 |      0 |      0 |    309 |   1 |  666.0 |
               +--------+--------+--------+--------+--------+-----+--------+

Top non-repeatable levels by time:
 Snake:2: 1934 daAuts
 Snake:4: 1847 daAuts
    D:13: 1785 daAuts
     D:9: 1664 daAuts
    D:14: 1586 daAuts
     D:7: 1362 daAuts
    D:11: 1281 daAuts
     D:6: 1263 daAuts
  Lair:5: 1262 daAuts
  Lair:1: 1235 daAuts
Shoals:4: 1198 daAuts
    D:15: 1009 daAuts
 Snake:3: 971 daAuts
  Lair:4: 942 daAuts
  Lair:3: 935 daAuts
